 Dungeon Crawl Stone Soup version bcrawl-1.12-8-g964540c432 (webtiles) character file.

Game seed: 7160978616576926929

73668 MisterOstroum the Unseen (level 15, -2/90 HPs)
             Began as a Spriggan Archaeologist on June 3, 2019.
             Was a High Priest of Trog.
             Slain by a merfolk impaler
             ... wielding a +0 trident
              (20 damage)
             ... on level 3 of the Shoals.
             The game lasted 01:27:57 (24573 turns).

MisterOstroum the Unseen (Spriggan Archaeologist)  Turns: 24573, Time: 01:27:58

Health: -2/90      AC:  7    Str:  7    XL:     15   Next: 4%
Magic:  22/22      EV: 33    Int: 17    God:    Trog [*****.]
Gold:   1504       SH:  9    Dex: 20    Spells: 14/14 levels left

rFire    . . .     SeeInvis +   a - +16 sapphire dagger {flash freeze, rF- rC++ MR+}
rCold    + + +     Gourm    .   r - +1 buckler {rC+}
rNeg     . . .     Faith    .   B - +0 robe {rC+ rF+}
rPois    .         Spirit   .   p - +2 hat
rElec    .         Reflect  .   I - +2 cloak
rCorr    +         Harm     .   (gloves unavailable)
MR       +++..                  (boots unavailable)
Stlth    ++++++....             (no amulet)
HPRegen  0.25/turn              R - ring of resist corrosion
MPRegen  0.18/turn              T - +1 ring of evasion

@: about to teleport, very quick
A: very small, unfitting armour, see invisible, herbivore, speed 3, slow
metabolism 2
a: Berserk, Trog's Hand, Brothers in Arms, Renounce Religion


You were on level 3 of the Shoals.
You worshipped Trog.
Trog was extremely pleased with you.
You were not hungry.

You visited 5 branches of the dungeon, and saw 19 of its levels.
You also visited: Ice Cave and Volcano.

You collected 1858 gold pieces.
You spent 354 gold pieces at shops.

Inventory:

Hand Weapons
 a - the +16 sapphire dagger (weapon) {flash freeze, rF- rC++ MR+}

   It has been specially enchanted to freeze those struck by it, causing extra
   injury to most foes and up to half again as much damage against particularly
   susceptible opponents.
   It can also slow down cold-blooded creatures.
   It makes you vulnerable to fire.
   It greatly protects you from cold.
   It affects your resistance to hostile enchantments.
 b - a +3 hunting sling of freezing
 f - a +2 dagger of flaming
 u - the +1 demon blade of Rotation {freeze, rElec Int+3 Dex+3 Stlth+}
   (You found it in an ice cave)

   It has been specially enchanted to freeze those struck by it, causing extra
   injury to most foes and up to half again as much damage against particularly
   susceptible opponents.
   It can also slow down cold-blooded creatures.
   It affects your intelligence (+3).
   It affects your dexterity (+3).
   It insulates you from electricity.
   It makes you more stealthy.
 P - a +0 blowgun
Missiles
 c - 901 sling bullets
 d - 386 tomahawks
 i - 2614 stones (quivered)
 N - 10 throwing nets {!f!f}
 Q - 20 curare-tipped needles {!f}
 Y - 135 exploding tomahawks
Armour
 l - a +1 buckler of positive energy
 p - a +2 hat (worn)
 r - a +1 buckler of cold resistance (worn)
 v - +0 fire dragon scales
 B - a +0 robe of resistance (worn)
 I - a +2 cloak (worn)
Jewellery
 w - an uncursed ring of positive energy
 y - an uncursed ring of protection from cold
 R - a ring of resist corrosion (left hand)
 T - a +1 ring of evasion (right hand)
 V - a cursed ring of flight
Wands
 g - a wand of paralysis (12)
 o - a wand of polymorph (43)
 q - a wand of acid (10)
 G - a wand of scattershot (6)
 J - a wand of iceblast (15)
 L - a wand of random effects (22)
 Z - a wand of flame (6)
Scrolls
 k - 5 scrolls of identify {@r1}
 n - a scroll of immolation
 s - 2 scrolls of fear {!r}
 C - 8 scrolls of teleportation {@r3 !r}
 D - 2 scrolls of magic mapping {@r5 !r}
 E - 4 scrolls of fog {!r}
 F - 4 scrolls of remove curse {@r2}
 S - a scroll of silence
Potions
 h - 3 potions of flight
 j - 4 potions of heal wounds
 m - 7 potions of curing {@q1 !q}
 x - 4 potions of haste {@q4 !q}
 z - a potion of ambrosia
 A - 4 potions of might {@q3 !q}
 H - 3 potions of agility {@q5 !q}
 K - a potion of lignification {@q6}
 M - 3 potions of brilliance
 O - a potion of mutation
 U - 3 potions of cancellation
 X - a potion of berserk rage
Miscellaneous
 t - a sack of spiders
Comestibles
 e - 22 rations {!d}


   Skills:
 - Level 15.0 Fighting
 - Level 10.0 Short Blades
 + Level 5.5 Slings
 + Level 15.0 Dodging
 - Level 15.0 Stealth
 - Level 7.2 Shields
 + Level 8.2 Evocations


You had 14 spell levels left.
You didn't know any spells.
Your spell library contained the following spells:

 Spells                   Type           Power        Failure   Level  Hunger
 Magic Dart               Conj           #...         24%         1    ##.....
 Slow                     Hex            #.......     24%         1    ##.....
 Blink                    Tloc           N/A          34%         2    ###....
 Call Imp                 Summ           #.......     34%         2    ###....
 Conjure Flame            Conj/Fire      #.......     56%         3    ####...
 Mephitic Cloud           Conj/Pois/Air  #.......     56%         3    ####...
 Static Discharge         Conj/Air       #.......     56%         3    ####...
 Agony                    Necr           #.......     100%        5    ######.
 Irradiate                Conj/Tmut      #.........   100%        5    ######.


Dungeon Overview and Level Annotations

Branches:
Dungeon (8/12)             Temple (1/1) D:4            Lair (6/6) D:8
 Shoals (3/3) Lair:4        Snake (0/3) Lair:3        Slime (0/5) Lair:5
   Hell (1/1)
    Orc: D:8-11         Dis: Hell:1         Geh: Hell:1         Coc: Hell:1
    Tar: Hell:1

Altars:
Ashenzari
Cheibriados
Dithmenos
Elyvilon
Fedhas
Gozag
Hepliaklqana
Kikubaaqudgha
Lugonu
Makhleb
Nemelex Xobeh
Okawaru
Qazlal
Ru
Sif Muna
Trog
Uskayaw
Vehumet
Wu Jian
Xom
Yredelemnul
Zin
The Shining One

Shops:
D:4 }[   D:6 [::   D:8 :

Portals:
Hell: Lair:6

Annotations:
D:2 1 runed door
D:8 1 transporter
Lair:5 exclusion: 2 oklob plants
Shoals:2 exclusion: kraken
Hell Geryon


Innate Abilities, Weirdness & Mutations

You are very small and have problems with some larger weapons.
You are too small for most types of armour.
You have supernaturally acute eyesight. (SInv)
You are a herbivore.
You cover ground extremely quickly.
You need to consume almost no food.


Message History

Here: a snapping turtle (heavily wounded, slow, encased in ice)
The floor, spattered with blood.
You puncture the snapping turtle! You freeze the snapping turtle.
The snapping turtle is slowed by the cold.
The snapping turtle is severely wounded.
The snapping turtle closely misses you.
You hit the snapping turtle.
The snapping turtle seems to slow down.
You freeze the snapping turtle.
The snapping turtle is slowed by the cold.
The snapping turtle is severely wounded.
You hit the snapping turtle.
The snapping turtle seems to slow down.
You freeze the snapping turtle.
The snapping turtle is slowed by the cold.
The snapping turtle is severely wounded.
You puncture the snapping turtle! You freeze the snapping turtle.
The snapping turtle is slowed by the cold.
The snapping turtle is almost dead.
The snapping turtle is no longer encased in ice.
The snapping turtle completely misses you.
You puncture the snapping turtle! You freeze the snapping turtle.
You kill the snapping turtle!
Trog accepts your kill.
No target in view!
No target in view!
Key pressed, stopping explore.
H - 3 potions of agility {@q5 !q} (gained 1)
Things that are here:
a +0 trident; a merfolk corpse
e - 22 rations {!d} (gained 1)
You enter the shallow water.
Moving in this stuff is going to be slow.
Splash!
You fall into the shallow water.
Moving in this stuff is going to be slow.
A merfolk siren comes into view. It is wielding a +0 trident.
A merfolk siren is nearby!
The merfolk siren shouts!
A snapping turtle, 4 merfolk and a frost giant come into view.
The frost giant is wielding a +0 battleaxe of freezing.
A merfolk impaler is wielding a +1 trident of freezing.
The merfolk impaler shouts!
The frost giant shouts!
The merfolk aquamancer shouts!
A merfolk javelineer comes into view. It is wielding a +1 spear of freezing.
The merfolk impaler moves out of view.
The merfolk javelineer shouts!
The merfolk impaler shouts!
You hear a shout!
A merfolk aquamancer comes into view. It is wielding a +0 rapier.
A merfolk javelineer comes into view. It is wielding a +1 spear of venom.
You hear a shout! x3
The merfolk javelineer throws a javelin.
You block the javelin.
The merfolk aquamancer moves out of view.
The merfolk siren closely misses you.
The merfolk siren chants a haunting song.
You resist with almost no effort.
You puncture the merfolk siren! You freeze the merfolk siren.
The merfolk siren is encased in ice.
The merfolk siren is slowed by the cold.
The merfolk siren is heavily wounded.
You completely miss the merfolk siren.
The merfolk siren is heavily wounded.
The merfolk aquamancer gestures at you while chanting.
The shard of ice misses you.
The shard of ice hits the merfolk siren.
The merfolk siren dies!
Things that are here:
a +0 trident; a merfolk corpse The merfolk javelineer throws a javelin of penetration.
The javelin of penetration pierces through you!
Really read
E - 5 scrolls of fog {!r}?
As you read the scroll of fog {!r}, it crumbles to dust.
The scroll dissolves into smoke.
The merfolk javelineer throws a javelin of penetration.
The javelin of penetration completely misses you.
The merfolk impaler completely misses you.
Throwing (i - inventory. (/) - cycle)
i - 2616 stones (quivered)
Press: ? - help, Shift-Dir - straight line, f - merfolk impaler
Aim: a merfolk impaler, wielding a +0 trident and wearing a +0 robe (blue smoke)
You throw a stone.
The stone hits the merfolk impaler but does no damage.
The merfolk impaler hits you from afar with a +0 trident.
You block the merfolk impaler's attack.
Throwing (i - inventory. (/) - cycle)
i - 2615 stones (quivered)
Press: ? - help, Shift-Dir - straight line, f/p - merfolk impaler
Aim: a merfolk impaler, wielding a +0 trident and wearing a +0 robe (blue smoke)
You throw a stone.
The stone closely misses the merfolk impaler.
The merfolk impaler hits you from afar with a +0 trident!
A merfolk javelineer comes into view. It is wielding a +1 spear of flaming.
You block the merfolk impaler's attack.
The merfolk impaler hits you from afar with a +1 trident of freezing!!
The merfolk impaler freezes you.
Okay, then.
Really read
C - 9 scrolls of teleportation {@r3 !r}?
As you read the scroll of teleportation {@r3 !r}, it crumbles to dust.
You feel strangely unstable.
The merfolk aquamancer casts a spell at you.
The ball of steam hits you!
* * * LOW HITPOINT WARNING * * *
The merfolk impaler misses you. x2
The merfolk impaler hits you with a +0 trident!!
You die... ≈#######m≈≈≈≈≈≈≈≈≈≈≈≈≈≈≈≈≈≈≈≈≈≈≈≈ ## #≈m≈≈≈≈≈≈≈≈≈≈≈≈≈≈≈≈≈≈≈≈≈≈ # mCt #≈≈≈≈≈≈≈≈≈≈≈≈≈≈≈≈≈≈≈.≈≈≈ # ≈ m#m

##≈≈≈≈≈≈≈≈≈≈≈≈≈≈≈≈≈≈≈.... # ≈≈ mm
#≈≈≈≈≈≈≈≈≈≈≈≈≈≈≈≈≈.≈..... #
m#m#≈###≈......≈§≈≈≈≈≈≈≈....##. #
≈≈≈≈≈#≈..).m§§§≈§≈≈≈≈≈≈....##) ##
#≈≈##....§m§§§§≈≈≈≈≈........ .#
###....m.m§@§§§≈≈≈≈<.^##†...
.#####.#..m....§§§§§≈≈≈≈..###..≈.
..............mm§§§§≈≈≈..## #....
.................≈≈≈≈≈≈...###..##
...............≈≈≈≈≈≈≈..#......##
........≈≈≈≈≈≈≈≈≈≈≈≈≈≈..#......#
........≈≈≈≈≈≈≈≈≈≈≈≈≈≈≈.)......##
........≈≈≈≈≈≈≈≈≈≈≈≈≈≈≈.......#..
......)..≈≈≈≈≈≈≈≈≈≈≈≈≈≈≈≈≈....)..


You could see 2 merfolk impalers, 3 merfolk javelineers and a merfolk
aquamancer.

Vanquished Creatures
  Rupert (Lair:4)
  Donald (Shoals:3)
  Aizul (Shoals:1)
  A reaper (IceCv)
  A merfolk javelineer (Shoals:3)
  4 merfolk impalers
  9 hydras
  2 merfolk avatars
  Harold (Lair:1)
  A hell beast (Lair:6)
  4 catoblepae
  An anaconda (Lair:6)
  A death yak (Lair:6)
  A satyr (Shoals:2)
  A hell knight (Volcano)
  Nergalle (Lair:4)
  A sun demon (Volcano)
  Sonja (Lair:2)
  8 sea snakes
  A wizard (Lair:6)
  An ugly thing (Volcano)
  4 fauns (Shoals:2)
  5 manticores
  A centaur zombie (D:8)
  6 elephants (Lair:6)
  5 merfolk sirens
  2 ice statues (IceCv)
  3 black mambas
  3 water nymphs
  7 cane toads
  2 orange demons (Lair:6)
  8 komodo dragons
  3 rime drakes
  A hellwing (Lair:6)
  14 ice devils
  A yaktaur (Shoals:1)
  3 red devils
  3 polar bears
  A troll (D:6)
  13 merfolk
  A wind drake (Shoals:3)
  A hornet (Lair:4)
  Prince Ribbit (D:7)
  4 dream sheep (Lair:6)
  8 hippogriffs
  24 blink frogs
  8 snapping turtles
  A wyvern (Lair:5)
  5 water elementals
  17 yaks
  A golden eye (shapeshifter) (D:7)
  4 basilisks
  3 nagas (Lair:3)
  Duvessa (D:7)
  3 porcupines (Lair:1)
  13 water moccasins
  6 hell hounds
  2 orc warriors
  2 sky beasts
  A black bear (Lair:3)
  3 ogres
  6 wolves (Lair:2)
  A necrophage (D:5)
  A big kobold (D:8)
  15 crocodiles
  8 bullfrogs
  4 scorpions
  Dowan (D:7)
  4 crimson imps
  A lava snake (Lair:2)
  A quasit (D:7)
  3 jellies
  A hound (D:1)
  8 orc wizards
  3 orc priests
  A bullfrog skeleton (D:5)
  2 centaur skeletons
  A gnoll shaman (D:4)
  Jessica (D:2)
  An iguana (D:6)
  7 worker ants
  A hound zombie (D:7)
  A hound skeleton (D:7)
  Robin (D:2)
  5 gnolls (D:4)
  5 adders
  A shadow imp (D:4)
  8 white imps (IceCv)
  8 ufetubi (IceCv)
  3 adder skeletons
  4 worms
  5 dart slugs
  4 leopard geckos
  35 orcs
  3 giant cockroaches
  17 goblins
  5 hobgoblins
  17 jackals
  16 kobolds
  2 quokkas
  4 bats
  5 frilled lizards
  A jackal skeleton (D:5)
  A quokka zombie (D:6)
  3 rats
  A bush (Shoals:1)
463 creatures vanquished.

Vanquished Creatures (others)
  A merfolk siren (Shoals:3)
  4 white imps (IceCv)
  An ufetubus (IceCv)
  11 fungi
  17 plants
34 creatures vanquished.

Grand Total: 497 creatures vanquished

Notes
Turn   | Place    | Note
-------+----------+-------------------------------------------
     0 | D:1      | MisterOstroum the Spriggan Archaeologist began the quest
                  | for the Orb.
     0 | D:1      | Reached XP level 1. HP: 9/9 MP: 2/2
    29 | D:1      | Reached skill level 5 in Stealth
    75 | D:1      | Reached skill level 1 in Fighting
   413 | D:1      | Found a shattered altar of Ashenzari.
   551 | D:1      | Reached XP level 2. HP: 9/14 MP: 3/3
  1106 | D:2      | Reached skill level 5 in Dodging
  1865 | D:2      | Found a white marble altar of Elyvilon.
  1868 | D:2      | Found a basalt altar of Yredelemnul.
  1869 | D:2      | Found a sparkling altar of Nemelex Xobeh.
  1894 | D:2      | Reached XP level 3. HP: 17/18 MP: 4/4
  2295 | D:2      | Noticed Robin
  3018 | D:2      | Reached skill level 1 in Short Blades
  3532 | D:1      | Found a shattered altar of Ashenzari.
  3877 | D:2      | Noticed Jessica
  3887 | D:2      | Killed Jessica
  3887 | D:2      | Reached XP level 4. HP: 14/23 MP: 5/5
  4079 | D:1      | Reached skill level 1 in Slings
  4269 | D:2      | Killed Robin
  4276 | D:2      | Reached skill level 5 in Short Blades
  4467 | D:2      | Reached XP level 5. HP: 26/26 MP: 6/6
  4496 | D:2      | Found a snail-covered altar of Cheibriados.
  4498 | D:2      | Found a shimmering altar of Xom.
  4498 | D:2      | Found a glowing golden altar of the Shining One.
  4500 | D:2      | Found a snail-covered altar of Cheibriados.
  4500 | D:2      | Found a glowing silver altar of Zin.
  4500 | D:2      | Found a white marble altar of Elyvilon.
  4643 | D:2      | Found a runed door.
  5715 | D:3      | Reached XP level 6. HP: 25/30 MP: 7/7
  6265 | D:4      | Noticed a sky beast
  6633 | D:4      | Found Ulanahic's Antique Armour Shop.
  6886 | D:5      | Entered Level 5 of the Dungeon
  6964 | D:5      | Noticed an orc warrior
  7056 | D:4      | Found Poiss's Gadget Emporium.
  7059 | D:4      | Reached XP level 7. HP: 35/35 MP: 8/8
  7248 | D:4      | Bought a shiny buckler for 255 gold pieces
  7339 | D:4      | Learned a level 1 spell: Magic Dart
  7342 | D:4      | Learned a level 2 spell: Blink
  7371 | D:4      | Found a staircase to the Ecumenical Temple.
  7380 | Temple   | Entered the Ecumenical Temple
  7427 | Temple   | Became a worshipper of Trog the Wrathful
  7739 | D:4      | Reached XP level 8. HP: 39/40 MP: 9/9
  7998 | D:5      | Reached skill level 1 in Shields
  8085 | D:5      | Reached * piety under Trog
  8374 | D:6      | Reached skill level 10 in Short Blades
  8529 | D:6      | Noticed a troll
  8541 | D:6      | Killed a troll
  8731 | D:6      | Found Ludoud's Book Shoppe.
  8742 | D:6      | Found Letifur's Book Shop.
  8855 | D:6      | Found Fenatuc's Antique Armour Boutique.
  8867 | D:6      | Bought a cloak for 99 gold pieces
  9154 | D:7      | Noticed Prince Ribbit
  9157 | D:7      | Killed Prince Ribbit
  9157 | D:7      | Reached XP level 9. HP: 46/46 MP: 10/10
  9282 | D:7      | Reached skill level 5 in Fighting
  9367 | D:7      | Noticed Duvessa
  9367 | D:7      | Noticed Dowan
  9378 | D:7      | Killed Dowan
  9378 | D:7      | Reached ** piety under Trog
  9386 | D:7      | Killed Duvessa
  9798 | D:8      | Found a blossoming altar of Fedhas.
  9890 | D:8      | Found an opulent altar of Gozag.
  9890 | D:8      | Found a hazy altar of Hepliaklqana.
  9890 | D:8      | Found a sacrificial altar of Ru.
  9904 | D:8      | Found Waittoru's Book Shoppe.
 10197 | D:8      | Found a staircase to the Lair.
 10234 | D:8      | Found a transporter.
 10236 | D:8      | Found a corrupted altar of Lugonu.
 10238 | D:8      | Noticed a brown ugly thing
 10240 | D:8      | Noticed a red ugly thing
 10240 | D:8      | Noticed a red ugly thing
 10269 | Lair:1   | Entered Level 1 of the Lair of Beasts
 10269 | Lair:1   | Noticed a cane toad
 10274 | Lair:1   | Killed a cane toad
 10274 | Lair:1   | Reached skill level 10 in Dodging
 10274 | Lair:1   | Reached XP level 10. HP: 53/53 MP: 11/11
 10292 | Lair:1   | Reached skill level 10 in Stealth
 10620 | Lair:1   | Reached *** piety under Trog
 10924 | Lair:1   | Noticed a cane toad
 10944 | Lair:1   | Killed a cane toad
 10944 | Lair:1   | Reached skill level 5 in Shields
 10966 | Lair:1   | Noticed Harold
 11156 | Lair:1   | Killed Harold
 11156 | Lair:1   | Reached XP level 11. HP: 24/62 MP: 12/12
 11702 | Lair:2   | Noticed an eight-headed hydra
 11728 | Lair:2   | Noticed Sonja
 11733 | Lair:2   | Killed Sonja
 11844 | Lair:2   | Killed an eight-headed hydra
 11844 | Lair:2   | Reached skill level 10 in Fighting
 12152 | Lair:2   | Reached skill level 1 in Evocations
 12960 | Lair:3   | Noticed a seven-headed hydra
 12977 | Lair:3   | Killed a seven-headed hydra
 13026 | Lair:3   | Found a frozen archway.
 13049 | Lair:3   | Reached skill level 5 in Evocations
 13062 | IceCv    | Entered an ice cave
 13194 | IceCv    | Reached **** piety under Trog
 13538 | IceCv    | Reached XP level 12. HP: 67/67 MP: 16/16
 14339 | IceCv    | Noticed a reaper
 14352 | IceCv    | Killed a reaper
 14362 | IceCv    | Got an ancient demon blade
 14409 | IceCv    | Identified the cursed +1 demon blade of Rotation {freeze,
                  | rElec Int+3 Dex+3 Stlth+} (You found it in an ice cave)
 15152 | Lair:3   | Found a staircase to the Snake Pit.
 16125 | Lair:4   | Noticed Rupert
 16141 | Lair:4   | Killed Rupert
 16395 | Lair:4   | Found a staircase to the Shoals.
 16662 | Lair:4   | Noticed Nergalle
 16672 | Lair:4   | Killed Nergalle
 16672 | Lair:4   | Reached XP level 13. HP: 74/74 MP: 19/19
 17002 | Lair:5   | Found a staircase to the Slime Pits.
 17032 | Lair:5   | Reached ***** piety under Trog
 18301 | Lair:6   | Entered Level 6 of the Lair of Beasts
 18389 | Lair:6   | Found a dark tunnel.
 18409 | Volcano  | Entered a volcano
 18579 | Volcano  | Received a gift from Trog
 19009 | Lair:6   | Reached skill level 15 in Stealth
 19232 | Lair:6   | Reached skill level 15 in Dodging
 19988 | Lair:6   | Reached XP level 14. HP: 77/81 MP: 20/20
 20340 | Lair:6   | Found a burning altar of Makhleb.
 20533 | Lair:6   | Received a gift from Trog
 20569 | Lair:6   | Found a gateway to Hell.
 20582 | Lair:6   | Identified Sif Muna's Reference Book on Ghastly Battle
                  | Magic
 20589 | Hell     | Entered the Vestibule of Hell
 20589 | Hell     | Noticed Geryon
 20770 | Shoals:1 | Entered Level 1 of the Shoals
 21046 | Shoals:1 | Noticed Aizul
 21233 | Shoals:1 | Killed Aizul
 21881 | Shoals:1 | Received a gift from Trog
 23071 | Shoals:2 | Received a gift from Trog
 23265 | Shoals:2 | Noticed a kraken
 23639 | Shoals:3 | Entered Level 3 of the Shoals
 23668 | Shoals:3 | Noticed Donald
 23676 | Shoals:3 | Killed Donald
 23747 | Shoals:3 | Reached skill level 15 in Fighting
 24147 | Shoals:3 | Reached skill level 5 in Slings
 24279 | Shoals:3 | Reached XP level 15. HP: 90/90 MP: 20/22
 24555 | Shoals:3 | Noticed a frost giant
 24573 | Shoals:3 | Slain by a merfolk impaler

Skill      XL: |  1  2  3  4  5  6  7  8  9 10 11 12 13 14 |
---------------+-------------------------------------------+-----
Stealth        | 5 6 8 9 10 13 15 | 15.0
Fighting       | 1 2 3 4 6 9 10 11 12 15 | 15.0
Dodging        | 5 6 8 10 12 15 | 15.0
Short Blades   | 3 5 7 8 9 10 | 10.0
Slings         | 1 2 3 4 5 |  5.5
Shields        | 2 3 5 7 |  7.2
Evocations     | 5 7 8 |  8.2

Action                   |  1- 3 |  4- 6 |  7- 9 | 10-12 | 13-15 || total
-------------------------+-------+-------+-------+-------+-------++-------
Melee: Dagger            |   114 |    79 |   215 |   564 |   823 ||  1795
       Unarmed           |    16 |       |       |       |       ||    16
       Short sword       |    86 |       |       |       |       ||    86
       Mace              |    33 |    60 |       |       |       ||    93
       Demon blade       |       |       |       |       |    34 ||    34
 Fire: Hunting sling     |    35 |    99 |       |    23 |    24 ||   181
Throw: Stone             |    79 |    22 |   162 |   104 |    86 ||   453
       Tomahawk          |       |    20 |       |       |       ||    20
Invok: Berserk           |       |       |     2 |     7 |    15 ||    24
Evoke: Wand              |       |       |       |       |     6 ||     6
  Use: Potion            |       |     1 |       |     4 |     2 ||     7
       Scroll            |       |       |       |    25 |    10 ||    35
 Stab: Sleeping          |     8 |     5 |    11 |    21 |    20 ||    65
       Distracted        |     1 |       |       |     1 |     2 ||     4
       Petrified         |       |       |       |       |     1 ||     1
  Eat: Ration            |     1 |       |     2 |     4 |     6 ||    13
Armor: Robe              |    28 |    18 |     4 |    14 |    26 ||    90
       Skin              |       |    36 |       |       |       ||    36
       Fire dragon scale |       |       |       |       |     2 ||     2
Dodge: Dodged            |   230 |   116 |    68 |   196 |   367 ||   977
Block: Buckler           |       |       |     2 |    58 |   166 ||   226
